Map: Bel'Shir Vestige LE (Void)

Players

PtitDrogo - Winner!

  • Race: Protoss Protoss
  • Spawn Location: 11:00

HaPe

  • Race: Protoss Protoss
  • Spawn Location: 5:00

Event: IEM XI Katowice - World Championship 2017

VOD

Have the link to the VOD?

Description

Time

  • Played on: Feb. 28, 2017, 9:23 a.m.
  • Length: 7:44

All games in this series

Show
View Real Time Build Order
Export as new Build Order

PtitDrogo Protoss - Winner!

Build Orders:  

Get SALT Encoding   

  12  0:00  Probe (Chrono Boost)  
  13  0:11  Probe (Chrono Boost)  
  14  0:18  Pylon  
  14  0:22  Probe (Chrono Boost)  
  15  0:36  Probe (Chrono Boost), Gateway  
  15  0:42  Assimilator  
  16  0:47  Probe (Chrono Boost)  
  17  0:57  Probe (Chrono Boost)  
  17  0:59  Assimilator  
  17  1:03  Gateway  
  18  1:08  Probe (Chrono Boost)  
  19  1:18  Probe (Chrono Boost)  
  19  1:23  Cybernetics Core  
  20  1:29  Probe (Chrono Boost)  
  20  1:32  Pylon  
  21  1:39  Probe (Chrono Boost)  
  22  1:45  Warp Gate  
  22  1:50  Probe (Chrono Boost)  
  23  1:59  Stalker x2  
  27  2:17  Pylon  
  27  2:20  Mothership Core (Chrono Boost)  
  29  2:30  Stalker  
  29  2:35  Stalker  
  33  2:41  Probe (Chrono Boost)  
  34  3:00  Stalker  
  36  3:05  Stalker  
  36  3:12  Nexus  
  38  3:31  Robotics Facility  
  38  3:35  Pylon  
  38  3:46  Probe (Chrono Boost)  
  38  3:53  Stalker x2  
  42  3:58  Probe (Chrono Boost)  
  43  4:07  Pylon  
  43  4:09  Probe (Chrono Boost)  
  44  4:18  Observer  
  44  4:21  Probe (Chrono Boost)  
  46  4:24  Probe (Chrono Boost)  
  46  4:25  Adept x2  
  51  4:36  Probe x2 (Chrono Boost)  
  51  4:37  Immortal  
  57  4:49  Probe (Chrono Boost)  
  57  4:51  Probe (Chrono Boost)  
  57  5:01  Probe (Chrono Boost)  
  57  5:02  Probe (Chrono Boost)  
  57  5:04  Sentry x2  
  61  5:07  Gateway  
  61  5:13  Pylon  
  62  5:14  Probe (Chrono Boost)  
  62  5:17  Immortal  
  62  5:26  Probe (Chrono Boost)  
  67  5:31  Sentry  
  67  5:33  Probe (Chrono Boost)  
  70  5:38  Sentry, Probe (Chrono Boost)  
  70  5:41  Pylon  
  70  5:42  Assimilator  
  73  5:44  Probe (Chrono Boost)  
  75  5:50  Probe (Chrono Boost)  
  75  5:51  Warp Prism  
  75  5:54  Probe (Chrono Boost)  
  78  5:58  Pylon  
  78  6:00  Pylon  
  78  6:07  Adept x2  
  80  6:11  Stalker  
  82  6:25  Stalker  
  82  6:28  Pylon  
  84  6:33  Stalker  
  86  6:41  Stalker  
  88  6:49  Stalker  
  88  6:52  Pylon  
  88  6:53  Pylon, Gateway  
  90  6:54  Immortal  
  90  6:57  Gateway  
  92  7:11  Adept x2  
  92  7:12  Adept  
  96  7:19  Probe (Chrono Boost)  
  96  7:22  Probe (Chrono Boost)  
  87  7:31  Probe (Chrono Boost), Stalker  
  87  7:32  Stalker x2  
Show
View Real Time Build Order
Export as new Build Order

HaPe Protoss 

Build Orders:  

Get SALT Encoding   

  12  0:01  Probe (Chrono Boost)  
  13  0:12  Probe (Chrono Boost)  
  14  0:18  Pylon  
  14  0:22  Probe (Chrono Boost)  
  15  0:37  Probe (Chrono Boost)  
  15  0:40  Gateway  
  16  0:49  Assimilator  
  16  0:58  Probe (Chrono Boost)  
  16  0:59  Assimilator  
  17  1:08  Probe (Chrono Boost)  
  18  1:14  Gateway  
  18  1:24  Probe (Chrono Boost)  
  19  1:27  Cybernetics Core  
  19  1:34  Probe (Chrono Boost)  
  20  1:44  Pylon  
  20  1:45  Probe (Chrono Boost)  
  21  1:55  Probe (Chrono Boost)  
  22  2:03  Stalker x2  
  22  2:06  Probe (Chrono Boost)  
  27  2:11  Warp Gate  
  27  2:16  Probe (Chrono Boost)  
  28  2:23  Pylon  
  28  2:41  Mothership Core (Chrono Boost)  
  30  2:48  Nexus  
  30  2:58  Stalker  
  30  3:03  Stalker  
  34  3:11  Pylon  
  34  3:14  Probe (Chrono Boost)  
  35  3:31  Robotics Facility  
  35  3:37  Twilight Council  
  35  3:44  Probe (Chrono Boost)  
  38  3:59  Gateway  
  37  4:16  Immortal  
  35  4:21  Stalker x2  
  43  4:31  Blink  
  43  4:49  Pylon x2  
  43  5:02  Warp Prism  
  45  5:12  Stalker x2  
  48  5:20  Adept  
  50  5:33  Pylon  
  50  5:35  Sentry  
  50  5:37  Immortal  
  55  5:53  Stalker  
  57  6:06  Pylon  
  57  6:10  Adept  
  59  6:13  Adept  
  61  6:27  Adept  
  62  6:44  Stalker x2  
  56  7:29  Stalker x2  
  46  7:30  Stalker  

Tags
 
Add a new tag
Caveats
  • Supply blocks, unpowered buildings, or Contaminate may cause inaccurate times.
  • Supply counts are checked every 10 seconds.